 Dungeon Sprint DCSS version 0.32-a0-909-gc671339a80 (webtiles) character file.

Game seed: 10495387099710175707

25 Griffin23 the Trooper (level 2, -6/29 HPs)
             Began as a Minotaur Fighter on Apr 6, 2024.
             Mangled by an ogre
             ... wielding a +0 giant club
              (10 damage)
             ... in the Dungeon (Sprint I: "Red Sonja").
             The game lasted 00:00:43 (45 turns).

Griffin23 the Trooper (Minotaur Fighter)              Turns: 45, Time: 00:00:44

Health: -6/29      AC:  7    Str: 20    XL:     2   Next: 82%
Magic:  1/1        EV:  8    Int:  5    God:
Gold:   0          SH:  4    Dex:  9    Spells: 1/1 levels left

rFire   . . .        a - +0 war axe
rCold   . . .        c - +0 buckler
rNeg    . . .        b - +0 scale mail
rPois   .            (helmet restricted)
rElec   .            (no cloak)
rCorr   .            (no gloves)
SInv    .            (no boots)
Will    .....        (no amulet) Stlth
                     (no ring)
HPRegen 0.24/turn    (no ring)
MPRegen 0.07/turn

%: no teleportation
@: no status effects
A: horns 2, retaliatory headbutt
a: no special abilities


You were in the Dungeon.
You visited 1 branch

Inventory:

Hand Weapons
 a - a +0 war axe (weapon)
Armour
 b - a +0 scale mail (worn)
 c - a +0 buckler (worn)
Wands
 k - a wand of iceblast (3)
Scrolls
 j - a scroll of blinking
Potions
 d - a potion of might
 e - a potion of curing
 f - a potion of heal wounds
 g - a potion of haste
 h - 2 potions of magic
 i - a potion of berserk rage


   Skills:
 + Level 5.1 Fighting
 + Level 3.6 Axes
 + Level 5.1 Armour
 + Level 5.0 Shields


You had one spell level left.
You didn't know any spells.
Your spell library was empty.

Dungeon Overview and Level Annotations

Branches:
Dungeon (1/1)

Altars:


Innate Abilities, Weirdness & Mutations

You have a pair of horns on your head.
You reflexively headbutt those who attack you in melee.


Message History

Ijyb is nearby!
Ijyb hits you but does no damage.
There is an open door here.
You slash Ijyb! Your headbutt misses Ijyb.
Ijyb is heavily wounded.
Ijyb hits you with a +0 dagger.
Ijyb is nearby!
You hit Ijyb. Your headbutt misses Ijyb.
Ijyb is heavily wounded.
Ijyb hits you with a +0 dagger.
Ijyb is nearby!
You hit Ijyb.
Ijyb is severely wounded.
Ijyb hits you with a +0 dagger. Ijyb hits you but does no damage.
Ijyb is nearby!
You slash Ijyb!
You kill Ijyb!
Your Fighting skill gained 2 levels and is now at level 5!
Your Axes skill increases to level 3!
Your Armour skill gained 2 levels and is now at level 5!
Your Shields skill gained 2 levels and is now at level 5!
You have reached level 2!
HP restored.
k - a wand of iceblast (3)
Things that are here:
a +0 dagger; a +0 scale mail You open the door.
An ogre comes into view. It is wielding a +0 giant club.
The ogre shouts!
Welcome back, Griffin23 the Minotaur Fighter. [Dungeon Sprint] Press ? for a list of commands and other information.
Okay, then.
The ogre hits you with a +0 giant club!!
Ouch! That really hurt!
* * * LOW HITPOINT WARNING * * *
There is an open door, spattered with blood here.
You hit the ogre. Your headbutt misses the ogre.
The ogre is lightly wounded.
The ogre hits you with a +0 giant club!
You die...

##########
#<.#..@O.#
#..'[.#..+
#..#####+#
#..# #..#
#..# #⌠⌠#
####


You could see an ogre.

Vanquished Creatures
  Ijyb (D)
1 creature vanquished.

Notes
Turn   | Place    | Note
-------+----------+-------------------------------------------
     0 | D        | Griffin23 the Minotaur Fighter began the quest for the Orb.
     0 | D        | Reached XP level 1. HP: 19/19 MP: 0/0
     1 | D        | Noticed Ijyb
     6 | D        | Killed Ijyb
     7 | D        | Reached skill level 5 in Fighting
     7 | D        | Reached skill level 5 in Armour
     7 | D        | Reached skill level 5 in Shields
     7 | D        | Reached XP level 2. HP: 21/29 MP: 1/1
    43 | D        | Noticed an ogre
    45 | D        | Mangled by an ogre

Illustrated notes

Levels and vault maps discovered:
D:        dungeon_sprint_1 [red_sonja_temple_1, red_sonja_temple_small_1]

Skill      XL: |  1 |
---------------+----+-----
Fighting       | 5 |  5.1
Axes           | 3 |  3.6
Armour         | 5 |  5.1
Shields        | 5 |  5.0

Action                     || total
---------------------------++-------
  Melee: War axe           ||     5
 Armour: Scale mail        ||     7

Table legend: (Time is in decaauts)
 A = Elapsed time spent in this place.
 B = Non-inter-level travel time spent in this place.
 C = Inter-level travel time spent in this place.
 D = Time resting spent in this place.
 E = Time spent auto-exploring this place.
 F = Levels seen in this place.
 G = Mean time per level.
                   A        B        C        D        E       F      G
               +--------+--------+--------+--------+--------+-----+--------+
         Total |     46 |     46 |      0 |      0 |     36 |   1 |   46.0 |
       Dungeon |     46 |     46 |      0 |      0 |     36 |   1 |   46.0 |
               +--------+--------+--------+--------+--------+-----+--------+

Top non-repeatable levels by time:
       D: 46 daAuts
